 Dungeon Sprint DCSS version 0.19-a0-1071-g4ed3155 (webtiles) character file.

3258 Shrawl the Unseen (level 10, -1/65 HPs)
             Began as a Kobold Assassin on Aug 5, 2016.
             Was a High Priest of Dithmenos.
             Slain by a crocodile (15 damage)
             ... in the Dungeon (Sprint IX: "|||||||||||||||||||||||||||||").
             The game lasted 00:02:01 (985 turns).

Shrawl the Unseen (Kobold Assassin)                  Turns: 985, Time: 00:02:02

Health: -1/65      AC:  5    Str: 11    XL:     10   Next: 19%
Magic:  16/17      EV: 26    Int:  9    God:    Dithmenos [*****.]
Gold:   0          SH:  0    Dex: 23    Spells: 0 memorised, 9 levels left

rFire  . . .     SeeInvis .     q - +2 rapier (elec)
rCold  . . .     Gourm    .     c - +0 robe
rNeg   . . .     Faith    .     (shield restricted)
rPois  .         Spirit   .     r - +0 helmet
rElec  .         Dismiss  .     d - +0 cloak
rCorr  .         Reflect  .     s - +0 pair of gloves
SustAt .         Harm     .     (no boots)
MR     .....     NoTele   +     (no amulet)
Stlth  ++++++++++               v - +2 ring of evasion
                                u - +3 ring of dexterity

@: wreathed by umbra
A: carnivore 3
a: Shadow Step, Shadow Form, Renounce Religion


You were in the Dungeon.
You worshipped Dithmenos.
Dithmenos was extremely pleased with you.
You were completely stuffed.

You visited 1 branch

Inventory:

Hand Weapons
 a - a +2 dagger
 b - a +0 blowgun
 q - a +2 rapier of electrocution (weapon)
Missiles
 e - 8 poisoned needles
 f - 2 curare-tipped needles
Armour
 c - a +0 robe (worn)
 d - a +0 cloak (worn)
 r - a +0 helmet (worn)
 s - a +0 pair of gloves (worn)
 t - a +1 chain mail
Jewellery
 u - a +3 ring of dexterity (left hand)
 v - a +2 ring of evasion (right hand)
Wands
 p - a wand of acid (7/15)
Scrolls
 m - 3 scrolls of blinking
 n - 3 scrolls of remove curse
 o - 2 scrolls of amnesia
 w - 2 scrolls of recharging
 x - 3 scrolls of identify
 y - 2 scrolls of enchant armour
 z - a scroll of fog
Potions
 h - 6 potions of curing
 i - 6 potions of heal wounds
 j - a potion of haste
 k - 4 potions of magic
 l - 2 potions of agility
Comestibles
 g - a meat ration


   Skills:
 + Level 8.7 Fighting
 * Level 14.5 Short Blades
 - Level 2.1 Throwing
 + Level 9.9 Dodging
 + Level 18.2 Stealth
 * Level 9.5 Invocations


You had 9 spell levels left.
You didn't know any spells.

Dungeon Overview and Level Annotations

Branches:
Dungeon (1/1)

Altars:
Cheibriados
Dithmenos
Elyvilon
Fedhas
Gozag
Hepliaklqana
Kikubaaqudgha
Makhleb
Nemelex Xobeh
Okawaru
Pakellas
Qazlal
Ru
Sif Muna
Trog
Uskayaw
Vehumet
Xom
Yredelemnul
Zin
The Shining One
Beogh
Jiyva
Lugonu


Innate Abilities, Weirdness & Mutations

You are small and have problems with some larger weapons.
You are carnivorous and can eat meat at any time.


Message History

Dithmenos accepts your kill. The blink frog misses you.
You feel much better. The blink frog barely misses you.
The crocodile bites you!
* * * LOW HITPOINT WARNING * * *
You are too injured to fight recklessly!
You are too injured to fight recklessly!
You are too injured to fight recklessly!
You are too injured to fight recklessly!
You are too injured to fight recklessly!
You are too injured to fight recklessly!
You are too injured to fight recklessly!
You are too injured to fight recklessly!
You are too injured to fight recklessly!
You are too injured to fight recklessly!
You closely miss the blink frog. The blink frog hits you.
* * * LOW HITPOINT WARNING * * *
You closely miss the blink frog. The blink frog barely misses you.
The crocodile bites you!
You die...

▓_▓.▓.▓
▓_▓.▓.▓
▓_▓.▓.▓
▓_▓.▓.▓
▓_▓.▓.▓
▓_▓.▓'▓
▓_▓.▓†▓
▓_▓.▓F▓
▓_▓.▓@▓
▓_▓.▓t▓
▓_▓.▓.▓
▓_▓.▓.▓
▓_▓.▓.▓
▓_▓.▓.▓
▓_▓.▓.▓
▓'▓.▓+▓
▓.▓.▓


You could see a blink frog and a crocodile.

Vanquished Creatures
  A hill giant (D)
  A spiny frog (D)
  A gargoyle (D)
  A komodo dragon (D)
  A blink frog (D)
  A wyvern (D)
  A yak (D)
  2 hippogriffs (D)
  A basilisk (D)
  3 water moccasins (D)
  3 porcupines (D)
  A sky beast (D)
  3 crocodiles (D)
  A scorpion (D)
  2 crimson imps (D)
  2 hounds (D)
  A worker ant (D)
  An adder (D)
  A shadow imp (D)
  An ooze (D)
  An adder skeleton (D)
  A dart slug (D)
  2 orcs (D)
  A ball python (D)
  A giant cockroach (D)
  A kobold (D)
  A giant newt (D)
  A quokka skeleton (D)
38 creatures vanquished.

Notes
Turn   | Place    | Note
-------+----------+-------------------------------------------
     0 | D        | Shrawl the Kobold Assassin began the quest for the Orb.
     0 | D        | Reached XP level 1. HP: 12/12 MP: 1/1
     7 | D        | Reached skill level 6 in Stealth
     9 | D        | Reached skill level 7 in Stealth
     9 | D        | Reached XP level 2. HP: 18/18 MP: 2/2
    90 | D        | Noticed a crimson imp
   103 | D        | Reached skill level 9 in Stealth
   103 | D        | Reached XP level 3. HP: 22/22 MP: 3/3
   108 | D        | Reached skill level 5 in Short Blades
   108 | D        | Reached skill level 10 in Stealth
   108 | D        | Reached XP level 4. HP: 28/28 MP: 4/4
   179 | D        | Reached skill level 11 in Stealth
   179 | D        | Reached XP level 5. HP: 14/32 MP: 5/5
   356 | D        | Found a glowing silver altar of Zin.
   356 | D        | Found a glowing golden altar of the Shining One.
   356 | D        | Found an ancient bone altar of Kikubaaqudgha.
   356 | D        | Found a basalt altar of Yredelemnul.
   356 | D        | Found a shimmering altar of Xom.
   356 | D        | Found a radiant altar of Vehumet.
   357 | D        | Found an iron altar of Okawaru.
   358 | D        | Found a burning altar of Makhleb.
   359 | D        | Found a deep blue altar of Sif Muna.
   360 | D        | Found a bloodstained altar of Trog.
   361 | D        | Found a sparkling altar of Nemelex Xobeh.
   362 | D        | Found a white marble altar of Elyvilon.
   363 | D        | Found a roughly hewn altar of Beogh.
   364 | D        | Found a viscous altar of Jiyva.
   365 | D        | Found a corrupted altar of Lugonu.
   366 | D        | Found a blossoming altar of Fedhas.
   367 | D        | Found a snail-covered altar of Cheibriados.
   368 | D        | Found a shadowy altar of Dithmenos.
   369 | D        | Found a stormy altar of Qazlal.
   370 | D        | Found an opulent altar of Gozag.
   371 | D        | Found a sacrificial altar of Ru.
   372 | D        | Found an oddly glowing altar of Pakellas.
   373 | D        | Found a hide-covered altar of Uskayaw.
   374 | D        | Found a hazy altar of Hepliaklqana.
   376 | D        | Became a worshipper of Dithmenos the Shadowed
   416 | D        | Noticed a wyvern
   420 | D        | Reached skill level 12 in Stealth
   420 | D        | Reached skill level 1 in Invocations
   425 | D        | Reached * piety under Dithmenos
   427 | D        | Killed a wyvern
   427 | D        | Reached skill level 13 in Stealth
   427 | D        | Reached XP level 6. HP: 36/39 MP: 5/8
   436 | D        | Reached ** piety under Dithmenos
   436 | D        | Reached skill level 5 in Dodging
   442 | D        | Noticed a gargoyle
   442 | D        | Noticed a sky beast
   442 | D        | Noticed a hill giant
   444 | D        | Killed a gargoyle
   444 | D        | Reached skill level 5 in Fighting
   444 | D        | Reached skill level 15 in Stealth
   444 | D        | Reached skill level 5 in Invocations
   444 | D        | Reached XP level 7. HP: 40/44 MP: 7/11
   448 | D        | Reached skill level 10 in Short Blades
   457 | D        | Killed a hill giant
   457 | D        | Reached skill level 16 in Stealth
   457 | D        | Reached XP level 8. HP: 34/52 MP: 8/13
   458 | D        | Reached *** piety under Dithmenos
   669 | D        | Noticed a blink frog
   669 | D        | Noticed a spiny frog
   678 | D        | Reached XP level 9. HP: 42/56 MP: 14/14
   686 | D        | Killed a blink frog
   686 | D        | Reached **** piety under Dithmenos
   686 | D        | Reached skill level 17 in Stealth
   692 | D        | Killed a spiny frog
   711 | D        | Reached ***** piety under Dithmenos
   943 | D        | Noticed a komodo dragon
   954 | D        | Noticed a blink frog
   964 | D        | Reached skill level 18 in Stealth
   964 | D        | Reached XP level 10. HP: 39/65 MP: 16/16
   979 | D        | HP: 1/65 [komodo dragon (28)]
   982 | D        | Killed a komodo dragon
   985 | D        | Slain by a crocodile

Vault maps used:
D:        linesprint

Skill      XL: |  1  2  3  4  5  6  7  8  9 |
---------------+----------------------------+-----
Short Blades   | 3 4 5 8 9 11 14 | 14.5
Stealth        | 7 9 10 11 13 15 16 18 | 18.2
Fighting       | 3 4 5 6 8 |  8.7
Dodging        | 2 4 6 7 9 |  9.9
Invocations    | 3 5 7 9 |  9.5
Throwing       | |  2.1

Action                   |  1- 3 |  4- 6 |  7- 9 | 10-12 || total
-------------------------+-------+-------+-------+-------++-------
Melee: Dagger            |    26 |    56 |       |       ||    82
       Rapier            |       |    18 |    69 |    19 ||   106
  Use: Potion            |     1 |     1 |     1 |     1 ||     4
 Stab: Sleeping          |     3 |     2 |     4 |       ||     9
       Invisible         |       |       |     2 |       ||     2
  Eat: Chunk             |     1 |     6 |     3 |       ||    10
Armor: Robe              |     2 |     6 |     4 |       ||    12
Dodge: Dodged            |     8 |    37 |    26 |    10 ||    81
